 Dungeon Crawl Stone Soup version 0.23.2 (webtiles) character file.

Game seed: 12533694259930068242

15160 Borgoz the Slicer (level 12, -1/100 HPs)
             Began as a Ghoul Gladiator on Apr 4, 2019.
             Was a Believer of Ashenzari.
             Slain by an alligator simulacrum (10 damage)
             ... in an ice cave.
             The game lasted 00:31:12 (15126 turns).

Borgoz the Slicer (Ghoul Gladiator)                Turns: 15126, Time: 00:31:13

Health: -1/100     AC: 11    Str: 19    XL:     12   Next: 24%
Magic:  0/18       EV: 16    Int:  6    God:    Ashenzari [**....]
Gold:   721        SH:  0    Dex: 11    Spells: 13/21 levels left

rFire    . . .     SeeInvis .   a - +2 short sword (drain)
rCold    + . .     Gourm    .   (no shield)
rNeg     + + +     Faith    .   B - +3 leather armour
rPois    ∞         Spirit   +   c - +1 helmet
rElec    .         Reflect  .   g - scarf {cloud immunity}
rCorr    .         Harm     .   n - +1 pair of gloves
MR       .....                  (no boots)
Stlth    ++........             i - amulet of guardian spirit (curse)
HPRegen  0.00/turn              (no ring)
MPRegen  0.16/turn              (no ring)

@: rotting
A: rotting body, claws 1, carnivore, cold resistance 1, negative energy
resistance 3, inhibited regeneration, torment resistance, unbreathing
a: Curse Item, Scrying, Renounce Religion


You were in an ice cave.
You worshipped Ashenzari.
Ashenzari was pleased with you.
You were not hungry.

You visited 2 branches of the dungeon, and saw 13 of its levels.
You also visited: Ice Cave.

You collected 776 gold pieces.
You spent 55 gold pieces at shops.

Inventory:

Hand Weapons
 a - a +2 short sword of draining (weapon)
 b - a +0 dagger of venom
 y - a +1 rapier
Missiles
 h - 3 tomahawks (quivered)
 s - 6 silver tomahawks
Armour
 c - a +1 helmet (worn)
 g - a scarf of cloud immunity (worn)
 n - a +1 pair of gloves (worn)
 p - a +0 pair of gloves
 x - a scarf of spirit shield
 B - a +3 leather armour (worn)
Jewellery
 i - a cursed amulet of guardian spirit (around neck)
 j - an uncursed ring of ice
 m - an uncursed amulet of regeneration
 A - an uncursed ring of wizardry
Wands
 o - a wand of disintegration (8)
 u - a wand of iceblast (5)
 z - a wand of enslavement (6)
 F - a wand of flame (14)
Scrolls
 e - 2 scrolls of magic mapping
 k - 9 scrolls of remove curse
 l - a scroll of fog
 q - a scroll of acquirement {unknown}
 r - 2 scrolls of amnesia
 t - a scroll of summoning {unknown}
 w - a scroll of blinking {unknown}
 C - 5 scrolls of teleportation
 E - a scroll of enchant weapon
 I - 6 scrolls of identify
Potions
 v - 2 potions of brilliance
 H - a potion of flight
Comestibles
 f - 22 rations


   Skills:
 + Level 7.3 Fighting
 * Level 8.9 Short Blades
 - Level 1.7 Throwing
 * Level 8.3 Armour
 * Level 8.8 Dodging
 - Level 5.1 Stealth
 - Level 5.0 Spellcasting
 - Level 3.0 Translocations
 + Level 4.5 Evocations


You had 13 spell levels left.
You knew the following spells:

 Your Spells              Type           Power        Failure   Level  Hunger
a - Blink                 Tloc           N/A          16%         2    ###....
b - Invisibility          Hex            #.......     100%        6    #######

Your spell library contained the following spells:

 Spells                   Type           Power        Failure   Level  Hunger
 Apportation              Tloc           #.....       10%         1    #......
 Lesser Beckoning         Tloc           #.........   30%         3    ###....
 Magic Dart               Conj           #...         34%         1    #......
 Summon Butterflies       Summ           #.......     34%         1    #......
 Call Imp                 Summ           #.......     45%         2    ###....
 Slow                     Hex            #.......     45%         2    ###....
 Sticks to Snakes         Tmut           #.......     45%         2    ###....
 Call Canine Familiar     Summ           #.......     71%         3    ###....
 Conjure Flame            Conj/Fire      #.......     71%         3    ###....
 Mephitic Cloud           Conj/Pois/Air  #.......     71%         3    ###....
 Tukima's Dance           Hex            #.......     71%         3    ###....
 Summon Ice Beast         Ice/Summ       #.......     98%         4    #####..
 Alistair's Intoxication  Tmut/Pois      #.......     100%        5    ######.
 Summon Mana Viper        Hex/Summ       #.......     100%        5    ######.
 Summon Hydra             Summ           #.........   100%        7    #######
 Beastly Appendage        Tmut           Unusable     N/A         1    N/A
 Spider Form              Tmut/Pois      Unusable     N/A         3    N/A
 Ice Form                 Ice/Tmut       Unusable     N/A         4    N/A
 Blade Hands              Tmut           Unusable     N/A         5    N/A

Dungeon Overview and Level Annotations

Branches:
Dungeon (12/15)            Temple (1/1) D:4            Lair (0/6) D:9
    Orc (0/2) D:11

Altars:
Ashenzari
Cheibriados
Dithmenos
Elyvilon
Fedhas
Gozag
Hepliaklqana
Kikubaaqudgha
Makhleb
Nemelex Xobeh
Okawaru
Qazlal
Ru
Sif Muna
Trog
Uskayaw
Vehumet
Wu Jian
Xom
Yredelemnul
Zin
The Shining One

Shops:
D:4 ?

Portals:
Trove: D:11 (show abyssal rune of Zot)

Annotations:
D:12 2 transporters


Innate Abilities, Weirdness & Mutations

Your body is rotting away.
You thrive on raw meat.
You are immune to poison.
You have sharp fingernails.
You are carnivorous and can eat meat at any time.
Your flesh is cold resistant. (rC+)
You are immune to negative energy. (rN+++)
You do not regenerate when monsters are visible.
You are immune to unholy pain and torment.
You can survive without breathing.


Message History

* * * LOW HITPOINT WARNING * * *
Okay, then.
Okay, then.
You hit the death yak simulacrum but do no damage.
The death yak simulacrum is lightly damaged.
The alligator simulacrum bites you!
* * * LOW HITPOINT WARNING * * *
The alligator simulacrum freezes you! You resist.
* * * LOW HITPOINT WARNING * * *
The alligator simulacrum completely misses you.
Okay, then.
Okay, then.
Throwing (i - inventory. (/) - cycle)
G - a throwing net (quivered)
Press: ? - help, Shift-Dir - straight line, f - death yak simulacrum
Aim: a death yak simulacrum (lightly damaged)
You throw a throwing net.
The throwing net completely misses the death yak simulacrum.
The death yak simulacrum closely misses you.
The alligator simulacrum bites you!
You die...

* ≈ ≈≈ * ≈
####* *
##..## ** .
###....## ,
..##.......#
....(..∩.∩.#
#..........#
,
##ZZ##ZZ..##
* ## ##@.##
####


You could see an alligator simulacrum and a death yak simulacrum.

Vanquished Creatures
  Fannar (D:10)
  2 hydras
  2 two-headed ogres
  Pikel (D:6)
  2 ugly things
  2 cyclopes
  Joseph (D:10)
  2 kobold demonologists (D:11)
  A troll (D:9)
  2 hippogriffs (D:8)
  4 yaks
  A wyvern (D:10)
  A vampire (D:9)
  Grum (D:9)
  Menkaure (D:6)
  Duvessa (D:6)
  3 orc warriors
  10 ice beasts
  2 phantoms (D:8)
  4 slaves (D:6)
  3 sky beasts
  10 ogres
  4 wolves (D:9)
  3 centaurs
  3 crocodiles
  4 big kobolds
  8 bullfrogs
  Dowan (D:6)
  A wyvern skeleton (D:12)
  6 scorpions
  A water moccasin skeleton (D:6)
  2 killer bees (D:10)
  3 wights (D:10)
  3 howler monkeys
  3 centaur zombies
  6 crimson imps
  A quasit (D:9)
  2 bullfrog zombies
  4 hounds
  A bullfrog skeleton (D:4)
  9 orc priests
  3 jellies
  A centaur skeleton (D:11)
  Ijyb (D:5)
  4 iguanas
  7 worker ants
  11 orc wizards
  16 adders
  8 gnolls
  4 shadow imps
  2 oozes (D:3)
  An adder zombie (D:8)
  2 adder skeletons
  5 worms
  3 dart slugs
  7 leopard geckos
  71 orcs
  2 ball pythons
  10 bats
  9 giant cockroaches
  6 goblins
  4 hobgoblins
  14 kobolds
  5 quokkas
  6 frilled lizards
  2 quokka skeletons
  A quokka zombie (D:7)
  7 rats
334 creatures vanquished.

Notes
Turn   | Place    | Note
-------+----------+-------------------------------------------
     0 | D:1      | Borgoz the Ghoul Gladiator began the quest for the Orb.
     0 | D:1      | Reached XP level 1. HP: 17/17 MP: 0/0
   137 | D:1      | Reached XP level 2. HP: 24/24 MP: 1/1
   254 | D:1      | Reached XP level 3. HP: 20/30 MP: 2/2
   393 | D:1      | Reached skill level 1 in Armour
  1190 | D:2      | Found a burning altar of Makhleb.
  1239 | D:2      | Reached skill level 1 in Stealth
  1239 | D:2      | Reached XP level 4. HP: 34/37 MP: 3/3
  2065 | D:4      | Reached XP level 5. HP: 44/44 MP: 4/4
  2117 | D:4      | Noticed an ogre
  2123 | D:4      | Noticed an ogre
  2131 | D:4      | HP: 1/44 [ogre/+0 giant club (9)]
  2135 | D:4      | Killed an ogre
  2135 | D:4      | Reached skill level 1 in Spellcasting
  2151 | D:4      | Killed an ogre
  2151 | D:4      | Reached XP level 6. HP: 3/51 MP: 1/6
  2412 | D:4      | Found a basalt altar of Yredelemnul.
  2449 | D:4      | Found Kuameose's Magic Scroll Shoppe.
  2521 | D:4      | Bought a scroll of identify for 22 gold pieces
  2521 | D:4      | Bought a scroll of teleportation for 33 gold pieces
  2717 | D:4      | Reached XP level 7. HP: 47/57 MP: 6/8
  2797 | D:4      | Found a glowing silver altar of Zin.
  3017 | D:4      | Found a staircase to the Ecumenical Temple.
  3132 | Temple   | Entered the Ecumenical Temple
  3168 | Temple   | Became a worshipper of Ashenzari the Shackled
  3342 | D:5      | Entered Level 5 of the Dungeon
  3590 | D:5      | Noticed Ijyb
  3603 | D:5      | Killed Ijyb
  4075 | D:5      | Reached XP level 8. HP: 36/66 MP: 2/10
  4516 | D:6      | Noticed Pikel
  4592 | D:6      | Killed Pikel
  4592 | D:6      | Reached skill level 5 in Short Blades
  4592 | D:6      | Reached skill level 5 in Dodging
  4747 | D:6      | Noticed Menkaure
  4760 | D:6      | Killed Menkaure
  4795 | D:6      | Noticed Duvessa
  4795 | D:6      | Noticed Dowan
  4813 | D:6      | Killed Duvessa
  4813 | D:6      | Reached XP level 9. HP: 11/72 MP: 1/12
  4813 | D:6      | HP: 2/72 [gnoll sergeant/+0 spear (9)]
  4814 | D:6      | Killed Dowan
  5189 | D:6      | Learned a level 2 spell: Blink
  5252 | D:6      | Reached * piety under Ashenzari
  5789 | D:7      | Reached skill level 5 in Armour
  6067 | D:7      | Found a white marble altar of Elyvilon.
  6228 | D:7      | Reached skill level 1 in Translocations
  6350 | D:7      | Reached skill level 1 in Evocations
  6358 | D:7      | Reached ** piety under Ashenzari
  6370 | D:7      | Found a glowing golden altar of the Shining One.
  6488 | D:7      | Reached skill level 5 in Fighting
  7260 | D:8      | Noticed a two-headed ogre
  7283 | D:8      | Killed a two-headed ogre
  7283 | D:8      | Reached skill level 5 in Stealth
  7283 | D:8      | Reached XP level 10. HP: 55/80 MP: 9/14
  9764 | D:9      | Noticed Grum
  9816 | D:9      | Killed Grum
 10077 | D:9      | Found a bloodstained altar of Trog.
 10153 | D:9      | Noticed a two-headed ogre
 10173 | D:9      | Killed a two-headed ogre
 10173 | D:9      | Reached XP level 11. HP: 26/89 MP: 5/16
 10443 | D:9      | Found a staircase to the Lair.
 11615 | D:10     | Entered Level 10 of the Dungeon
 11674 | D:10     | Noticed Joseph
 11699 | D:10     | Killed Joseph
 11784 | D:10     | Noticed Fannar
 11914 | D:10     | Killed Fannar
 12127 | D:10     | Found an ornate altar of the Wu Jian Council.
 12495 | D:10     | Found a basalt altar of Yredelemnul.
 13091 | D:11     | Noticed a six-headed hydra
 13109 | D:11     | Killed a six-headed hydra
 13336 | D:11     | Noticed a cyclops
 13354 | D:11     | Killed a cyclops
 13376 | D:11     | Noticed a cyan ugly thing
 13661 | D:11     | Noticed a sixfirhy
 14016 | D:11     | Killed a cyan ugly thing
 14137 | D:11     | Found a staircase to the Orcish Mines.
 14158 | D:11     | Learned a level 6 spell: Invisibility
 14319 | D:11     | Found a portal to a secret trove of treasure.
 14859 | D:12     | Noticed a skeletal warrior
 14860 | D:12     | Noticed a skeletal warrior
 14872 | D:12     | Found a transporter.
 14878 | D:12     | Noticed a moth of wrath
 14878 | D:12     | Noticed a catoblepas
 14879 | D:12     | Found a transporter.
 14903 | D:12     | Reached skill level 5 in Spellcasting
 14903 | D:12     | Reached XP level 12. HP: 77/100 MP: 18/18
 14952 | D:12     | Found a frozen archway.
 14970 | D:12     | Noticed a four-headed hydra
 14986 | D:12     | Killed a four-headed hydra
 15115 | IceCv    | Entered an ice cave
 15126 | IceCv    | Slain by an alligator simulacrum

Skill      XL: |  1  2  3  4  5  6  7  8  9 10 11 |
---------------+----------------------------------+-----
Dodging        | 3 4 5 6 7 8 |  8.8
Short Blades   | 3 4 5 6 7 8 |  8.9
Armour         | 1 2 3 4 5 6 8 |  8.3
Stealth        | 1 2 4 5 |  5.1
Fighting       | 3 4 5 6 7 |  7.3
Spellcasting   | 1 2 3 4 5 |  5.0
Translocations | 2 3 |  3.0
Evocations     | 2 3 4 |  4.5
Throwing       | |  1.7

Action                   |  1- 3 |  4- 6 |  7- 9 | 10-12 || total
-------------------------+-------+-------+-------+-------++-------
Melee: Rapier            |   144 |   104 |       |       ||   248
       Short sword       |       |    75 |   525 |  1119 ||  1719
Throw: Throwing net      |       |     4 |       |     4 ||     8
Evoke: Wand              |       |       |     1 |    18 ||    19
  Use: Scroll            |     2 |    10 |     2 |     2 ||    16
       Potion            |       |     2 |     9 |     5 ||    16
 Stab: Sleeping          |       |     1 |     8 |     7 ||    16
       Distracted        |       |       |       |     1 ||     1
       Held in net/web   |       |       |       |     1 ||     1
  Eat: Chunk             |     3 |     9 |    13 |    70 ||    95
Armor: Leather armour    |    55 |    55 |   151 |   330 ||   591
Dodge: Dodged            |   118 |   116 |   309 |   785 ||  1328
